 Dungeon Crawl Stone Soup version 0.29.1-15-g9cfb28693d (webtiles) character file.

Game seed: 10680868574754329267

171 leafyfresh the Sneak (level 5, -1/37 HPs)
             Began as an Octopode Delver on Feb 25, 2023.
             Slain by a gnoll bouda
             ... wielding a +0 club
              (6 damage)
             ... on level 4 of the Dungeon.
             The game lasted 00:03:32 (3487 turns).

leafyfresh the Sneak (Octopode Delver)              Turns: 3487, Time: 00:03:32

Health: -1/37      AC:  1    Str: 11    XL:     5   Next: 51%
Magic:  5/5        EV: 14    Int: 15    God:
Gold:   152        SH:  0    Dex: 13    Spells: 2/4 levels left

rFire   . . .      SeeInvis .   a - +0 short sword
rCold   . . .      Faith    .   (no shield)
rNeg    . . .      Spirit   .   (helmet restricted)
rPois   .          Reflect  .   (no amulet)
rElec   .          Harm     .   (no ring)
rCorr   .          Rampage  .   (no ring)
Will    .....                   (no ring)
Stlth   +++++.....              (no ring)
HPRegen 0.12/turn               (no ring)
MPRegen 0.09/turn               (no ring)
                                (no ring)
                                (no ring)

@: weakened
A: almost no armour, amphibious, 8 rings, camouflage 1, gelatinous body 1,
(nimble swimmer 1), tentacles
a: no special abilities


You were on level 4 of the Dungeon.
You visited 1 branch of the dungeon, and saw 5 of its levels.

You collected 152 gold pieces.

Inventory:

Hand Weapons
 a - a +0 short sword (weapon)
Missiles
 k - a throwing net (quivered)
Jewellery
 p - an amulet of faith
Wands
 f - a wand of digging (3)
 t - a wand of polymorph (5)
Scrolls
 b - a scroll of fog
 c - a scroll of magic mapping
 d - a scroll of fear
 h - 7 scrolls of identify {unknown}
 i - 2 scrolls of teleportation {unknown}
 l - a scroll of summoning {unknown}
 m - 2 scrolls of enchant armour {unknown}
 n - a scroll of silence {unknown}
 q - 2 scrolls of immolation {unknown}
 r - a scroll of blinking {unknown}
Potions
 e - 4 potions of haste
 g - 2 potions of mutation {unknown}
 j - 2 potions of flight {unknown}
 o - a potion of attraction {unknown}
 s - a potion of curing {unknown}


   Skills:
 + Level 4.1 Fighting
 - Level 2.5 Short Blades
 + Level 3.4 Dodging
 + Level 7.8 Stealth


You had 2 spell levels left.
You knew the following spells:

 Your Spells              Type           Power      Damage    Failure   Level
a - Passwall              Tmut/Erth      0%         N/A       38%         2

Your spell library contained the following spells:

 Spells                   Type           Power      Damage    Failure   Level
 Sandblast                Erth           0%         2d4       26%         1
 Ensorcelled Hibernation  Hex/Ice        0%         N/A       38%         2
 Stone Arrow              Conj/Erth      0%         3d7       63%         3
 Swiftness                Air            0%         N/A       63%         3


Dungeon Overview and Level Annotations

Branches:
Dungeon (5/15)
 Temple: D:4-7

Altars:
Elyvilon
Hepliaklqana
Vehumet
Zin

Shops:
D:4 [


Innate Abilities, Weirdness & Mutations

You cannot wear most types of armour.
You are amphibious.
You can wear up to eight rings at the same time.
Your skin changes colour to match your surroundings (Stealth+).
Your rubbery body absorbs attacks. (AC +1, EV +1)
((You are camouflaged when in or above water. (Stealth+)))
You have tentacles for arms and can constrict up to eight enemies at once.


Message History

The gnoll is moderately wounded.
You constrict the gnoll. The gnoll misses you.
You hit the gnoll. You squeeze the gnoll.
The gnoll is almost dead.
You constrict the gnoll. The gnoll barely misses you.
You hit the gnoll.
You kill the gnoll!
The gnoll bouda barks out a call to the hunt!
The gnolls pick up the pace!
The gnoll barely misses you. x2
You barely miss the gnoll. You grab the gnoll. You tentacle-slap the gnoll.
You squeeze the gnoll.
The gnoll is moderately wounded.
You constrict the gnoll.
The gnoll hits you from afar with a +0 spear.
The gnoll completely misses you.
You hit the gnoll. You squeeze the gnoll.
You kill the gnoll!
The gnoll barely misses you.
You barely miss the gnoll bouda. Your grab misses the gnoll bouda.
The gnoll bouda is lightly wounded.
The gnoll bouda hits you with a +0 club.
The gnoll hits you from afar with a +0 spear.
The gnoll barely misses you.
You hit the gnoll bouda but do no damage.
You grab the gnoll bouda.
The gnoll bouda is lightly wounded.
You constrict the gnoll bouda, but do no damage.
The gnoll bouda gazes fiercely through you!
You feel your attacks grow feeble.
The gnoll bouda hits you with a +0 club!
* * * LOW HITPOINT WARNING * * *
The gnoll misses you.
The gnoll hits you from afar with a +0 spear.
* * * LOW HITPOINT WARNING * * *
You barely miss the gnoll bouda.
The gnoll bouda is lightly wounded.
You constrict the gnoll bouda, but do no damage.
The gnoll bouda hits you with a +0 club.
You die...

###...#.# #.......## ###
#........# .. #...g..g.#
.# ###..g#g.# ##.#
#.$.#..## #..#
#####...### #.#
#############g....####.#
#..........@gg.........#
#.###########g.##.###..#
#.# #..##.###..##### #.#
#..#...##....... #.#
#...............
######[#
#...............
.......#
#...............
########
##.#...##.#..... #
#.........######


You could see a gnoll bouda and 3 gnolls.

Vanquished Creatures
  A hound (D:4)
  2 gnolls (D:4)
  5 adders
  A worm (D:2)
  3 dart slugs
  2 orcs (D:4)
  9 ball pythons
  6 endoplasms
  3 giant cockroaches
  7 goblins
  6 hobgoblins
  A quokka (D:3)
  6 bats
  2 frilled lizards
  8 kobolds
  3 rats (D:1)
65 creatures vanquished.

Notes
Turn   | Place    | Note
-------+----------+-------------------------------------------
     0 | D:5      | leafyfresh the Octopode Delver began the quest for the Orb.
     0 | D:5      | Reached XP level 1. HP: 16/16 MP: 1/1
    22 | D:5      | Noticed an orc wizard
    39 | D:4      | Found a glowing silver altar of Zin.
    41 | D:4      | Found a white marble altar of Elyvilon.
   108 | D:4      | Found Tujy's Antique Armour Shoppe.
   140 | D:4      | Noticed a hound
   149 | D:4      | Killed a hound
   150 | D:4      | Reached skill level 7 in Stealth
   150 | D:4      | Reached XP level 2. HP: 12/21 MP: 2/2
   150 | D:4      | Reached XP level 3. HP: 15/26 MP: 3/3
   596 | D:3      | Found a faded altar of an unknown god.
   614 | D:3      | Reached XP level 4. HP: 31/31 MP: 4/4
  1065 | D:2      | Found a hazy altar of Hepliaklqana.
  2283 | D:2      | Reached XP level 5. HP: 31/37 MP: 5/5
  3340 | D:4      | Found a radiant altar of Vehumet.
  3436 | D:4      | Learned a level 2 spell: Passwall
  3487 | D:4      | Slain by a gnoll bouda

Illustrated notes

Levels and vault maps discovered:
D:1:      doesnt_arrival_eight_statues, layout_loops_ring
D:2:      layout_rooms, basic_altar, minmay_pentomino_p2
D:3:      layout_loops_cross, shapermc_ecumenical_altar_totnotflames
D:4:      layout_loops_ring, grunt_temple_overflow_open,
          mainiacjoe_overflow_concentric_impassable, minmay_misc_feat_hallway,
          minmay_shop_grid_forest, uniq_natasha, uniq_menkaure
D:5:      layout_rooms, okawaru_trees_2, mainiacjoe_overflow_swirl,
          nicolae_qazlal_style_of_elements, grunt_ministairs_14, uniq_sigmund

Skill      XL: |  1  2  3  4  5 |
---------------+----------------+-----
Stealth        | 7 |  7.8
Dodging        | 3 |  3.4
Fighting       | 4 |  4.1
Short Blades   | |  2.5

Action                   |  1- 3 |  4- 6 || total
-------------------------+-------+-------++-------
Melee: Short sword       |    34 |    92 ||   126
       Tentacles         |     4 |    25 ||    29
       Constrict         |     6 |    25 ||    31
       Punch             |       |     2 ||     2
 Stab: Sleeping          |     6 |    16 ||    22
       Distracted        |       |     1 ||     1
Armor: Skin              |     2 |     5 ||     7
Dodge: Dodged            |    24 |    48 ||    72
